[Event "December 19 Late 2023"]
[Site "https://www.chess.com"]
[Date "2023.12.19"]
[Round "2"]
[White "Colbow, Collin"]
[Black "Fawzy, Adham"]
[Result "1-0"]
[Board "48"]
[TimeControl "180+1"]
[WhiteFideId "16201132"]
[BlackFideId "10613129"]
[WhiteElo "2321"]
[BlackElo "2550"]
[WhiteTeam "GER"]
[BlackTeam "EGY"]
[WhiteClock "0:00:21"]
[BlackClock "0:00:38"]

1. e4 c5 2. Nf3 Nc6 3. d4 cxd4 4. Nxd4 e5 5. Nb5 d6 6. c4 Be6 7. N1c3 a6 8. Na3 g6 9. Be3 Bg7 10. Be2 Nf6 11. Nc2 Rc8 12. O-O O-O 13. Rc1 Ne7 14. b3 b5 15. Nb4 bxc4 16. bxc4 Bxc4 17. Bxc4 Rxc4 18. Qb3 Rc8 19. Nxa6 Qa5 20. Nb4 Rb8 21. a3 Rfc8 22. Rfd1 Ra8 23. Rxd6 Qxa3 24. Qxa3 Rxa3 25. Ncd5 Nfxd5 26. Nxd5 Rxc1+ 27. Bxc1 Ra1 28. Nxe7+ Kf8 29. Rd1 Rxc1 30. Nxg6+ hxg6 31. Rxc1 Ke7 32. Rc6 Bh6 33. Kf1 Bd2 34. g3 Bh6 35. h4 Bd2 36. Ke2 Bh6 37. Kd3 Kd7 38. Ra6 Ke7 39. Kc4 Bd2 40. Kd5 Be1 41. Ra2 Bc3 42. g4 Kf8 43. f3 Kg7 44. Ra8 Bb2 45. Re8 Kf6 46. g5+ Kg7 47. Rxe5 1-0

[Event "December 19 Late 2023"]
[Site "https://www.chess.com"]
[Date "2023.12.19"]
[Round "2"]
[White "Yagupov, Igor"]
[Black "Troff, Kayden"]
[Result "0-1"]
[Board "49"]
[TimeControl "180+1"]
[WhiteFideId "4113632"]
[BlackFideId "2047896"]
[WhiteElo "2179"]
[BlackElo "2544"]
[WhiteTeam "RUS"]
[BlackTeam "USA"]
[WhiteClock "0:00:52"]
[BlackClock "0:00:31"]

1. e4 c5 2. Nf3 g6 3. d4 cxd4 4. Nxd4 Bg7 5. c4 Qb6 6. Nb3 a5 7. Be3 Qb4+ 8. Bd2 Qd6 9. Nc3 a4 10. Nb5 Qc6 11. N3d4 Qxe4+ 12. Be3 Na6 13. Nc3 Qe5 14. Qxa4 Nf6 15. Be2 O-O 16. O-O d6 17. h3 Bd7 18. Qd1 Bc6 19. a3 Ne4 20. Nxe4 Bxe4 21. f4 Qf6 22. b4 Nc7 23. Qd2 Ne6 24. Rfd1 Rfc8 25. g4 Qh4 26. Kh2 Nxf4 27. Bxf4 Qf2# 0-1

[Event "December 19 Late 2023"]
[Site "https://www.chess.com"]
[Date "2023.12.19"]
[Round "2"]
[White "Bryakin, Mikhail"]
[Black "Vafin, Ayrat"]
[Result "1-0"]
[Board "50"]
[TimeControl "180+1"]
[WhiteFideId "4165314"]
[BlackFideId "4146530"]
[WhiteElo "2495"]
[BlackElo "2317"]
[WhiteTeam "SRB"]
[BlackTeam "RUS"]
[WhiteClock "0:00:32"]
[BlackClock "0:00:00"]

1. Nf3 d5 2. e3 Nf6 3. b3 Bg4 4. Bb2 Nbd7 5. h3 Bxf3 6. Qxf3 e5 7. g4 h6 8. Bg2 c6 9. O-O Bd6 10. d3 Qe7 11. Nd2 O-O 12. a4 a5 13. Rae1 Bb4 14. Qd1 Rfe8 15. f4 exf4 16. exf4 Qc5+ 17. Kh1 Rxe1 18. Rxe1 Qf2 19. c3 Bd6 20. Rf1 Qg3 21. Rf3 Qh4 22. Kg1 Re8 23. Kf1 Nc5 24. c4 h5 25. g5 Ng4 26. hxg4 hxg4 27. Rf2 Nxd3 28. Re2 Re3 29. Bd4 Re7 30. Rxe7 Bxe7 31. Qe2 dxc4 32. Qxe7 1-0

[Event "December 19 Late 2023"]
[Site "https://www.chess.com"]
[Date "2023.12.19"]
[Round "2"]
[White "Rangel, Daniel"]
[Black "Mikaelyan, Arman"]
[Result "0-1"]
[Board "51"]
[TimeControl "180+1"]
[WhiteFideId "2124475"]
[BlackFideId "13304852"]
[WhiteElo "2267"]
[BlackElo "2445"]
[WhiteTeam "BRA"]
[BlackTeam "ARM"]
[WhiteClock "0:00:51"]
[BlackClock "0:01:36"]

1. c4 g6 2. g3 Bg7 3. Bg2 d6 4. Nf3 Nd7 5. O-O e5 6. Nc3 Ne7 7. d4 exd4 8. Nxd4 O-O 9. b3 Nf5 10. Nxf5 Bxc3 11. Nh6+ Kg7 12. Bd2 Bxd2 13. Qxd2 f5 14. g4 f4 15. Qd4+ Kxh6 16. e3 Qf6 17. Qd2 Ne5 18. h3 f3 19. Bh1 Qh4 20. e4+ Kg7 21. Qd1 Qxh3 0-1

[Event "December 19 Late 2023"]
[Site "https://www.chess.com"]
[Date "2023.12.19"]
[Round "2"]
[White "Rustemov, Alexander"]
[Black "Benedetti, Julio"]
[Result "1-0"]
[Board "52"]
[TimeControl "180+1"]
[WhiteFideId "4119002"]
[BlackFideId "172545"]
[WhiteElo "2802"]
[BlackElo "2299"]
[WhiteTeam "RUS"]
[BlackTeam "ARG"]
[WhiteClock "0:00:31"]
[BlackClock "0:00:02"]

1. d4 Nf6 2. c4 c5 3. d5 b5 4. cxb5 a6 5. e3 axb5 6. Bxb5 Qa5+ 7. Nc3 Ba6 8. Bxa6 Nxa6 9. Nf3 d6 10. O-O g6 11. e4 Bg7 12. e5 dxe5 13. Nxe5 O-O 14. Re1 Nb4 15. Nc6 Nxc6 16. dxc6 Qc7 17. Qf3 Rfc8 18. Bf4 Qxc6 19. Qxc6 Rxc6 20. Rxe7 Rb6 21. Re2 Rb4 22. Be5 Nh5 23. Nd5 Rba4 24. Bxg7 Kxg7 25. b3 Ra3 26. Nc7 R8a5 27. Ne8+ Kf8 28. Nd6 Rxb3 29. Re8+ Kg7 30. Re7 Rxa2 31. Rxf7+ Kh6 32. Rc1 Rc3 33. Rf1 Rd3 34. Ne4 c4 35. g4 Ng7 36. g5+ Kh5 37. Rxg7 Kg4 38. Rxh7 c3 39. Rc7 c2 40. Kg2 Rd1 41. Rxc2 Rxc2 42. Rxd1 Kf4 43. Re1 Rc4 44. f3 Rc2+ 45. Nf2 Kxg5 46. Re4 Ra2 47. Kg3 Ra1 48. h4+ Kf5 49. Rf4+ Ke5 50. Ng4+ Ke6 51. Rf6+ Kd5 52. Rxg6 1-0

[Event "December 19 Late 2023"]
[Site "https://www.chess.com"]
[Date "2023.12.19"]
[Round "2"]
[White "Srdanovic, Jovana"]
[Black "Dourerassou, Jonathan"]
[Result "0-1"]
[Board "53"]
[TimeControl "180+1"]
[WhiteFideId "954810"]
[BlackFideId "628050"]
[WhiteElo "2123"]
[BlackElo "2499"]
[WhiteTeam "SRB"]
[BlackTeam "FRA"]
[WhiteClock "0:00:15"]
[BlackClock "0:01:29"]

1. d4 Nf6 2. c4 g6 3. Nc3 d5 4. Nf3 Bg7 5. h4 dxc4 6. e4 c5 7. d5 Qa5 8. Bd2 b5 9. e5 Nfd7 10. e6 fxe6 11. dxe6 Nf6 12. Ng5 b4 13. Nce4 Nxe4 14. Nxe4 c3 15. Bg5 cxb2 16. Rb1 Bxe6 17. Nd6+ exd6 18. Qxd6 Bc3+ 19. Ke2 Qa6+ 20. Qxa6 Nxa6 21. Kf3 O-O+ 22. Kg3 Nc7 23. h5 Nd5 24. hxg6 Be5+ 25. f4 Nxf4 26. gxh7+ Kh8 27. Kh4 Bxa2 0-1

[Event "December 19 Late 2023"]
[Site "https://www.chess.com"]
[Date "2023.12.19"]
[Round "2"]
[White "Ghasi, Ameet K"]
[Black "Korchynskyi, Mykola"]
[Result "0-1"]
[Board "54"]
[TimeControl "180+1"]
[WhiteFideId "409200"]
[BlackFideId "34138005"]
[WhiteElo "2558"]
[BlackElo "2007"]
[WhiteTeam "ENG"]
[BlackTeam "UKR"]
[WhiteClock "0:00:15"]
[BlackClock "0:00:11"]

1. c4 e6 2. Nf3 d5 3. e3 Nf6 4. b3 Be7 5. Bb2 O-O 6. Nc3 b6 7. cxd5 exd5 8. d4 Bb7 9. Bd3 Nbd7 10. O-O Ne4 11. Ne2 Ndf6 12. Ng3 c5 13. Rc1 Rc8 14. Rc2 h6 15. Qa1 Re8 16. Rfc1 Bd6 17. Ne5 Qe7 18. Nf5 Qf8 19. Bb5 Red8 20. f3 Ng5 21. Nxd6 Qxd6 22. Bd3 Ne6 23. Bf5 cxd4 24. exd4 Rxc2 25. Rxc2 Rc8 26. Qc1 Rxc2 27. Qxc2 Qb4 28. Bc3 Qb5 29. a4 Qe8 30. Bb2 Nd7 31. Nd3 Nf6 32. Qd2 Ba6 33. Ne5 Nd7 34. Nc6 Ndc5 35. dxc5 Qxc6 36. b4 Qxa4 37. cxb6 axb6 38. h4 Qd7 39. Bd4 Qd6 40. Bf2 Bc4 41. g3 b5 42. Qb2 Qe7 43. Qe5 Qc7 44. Qe1 Qd7 45. g4 Qd6 46. Qe3 d4 47. Qd2 d3 48. Be4 Nf4 49. Be3 Ne2+ 50. Kf2 Qg3+ 51. Kf1 Qh3+ 52. Kf2 Qh2+ 53. Kf1 Ng3+ 54. Ke1 Qh1+ 55. Kf2 Nxe4+ 56. fxe4 Qxe4 57. Bf4 Bd5 58. Qe3 Qg2+ 59. Ke1 Qxg4 60. Kd2 Qe6 61. Qxd3 Bc4 62. Qd8+ Kh7 63. Qd4 Qe2+ 64. Kc3 Qf3+ 65. Be3 Qf5 66. Kd2 g5 67. hxg5 hxg5 68. Qd6 Qg6 69. Qg3 g4 70. Qh4+ Kg7 71. Bd4+ f6 72. Qg3 Qf5 73. Qc7+ Kg6 74. Qd6 Qd3+ 75. Kc1 Qf1+ 76. Kb2 Qe2+ 77. Ka1 Qf1+ 78. Kb2 Qf3 79. Qd8 g3 80. Qe8+ Bf7 81. Qe3 Qxe3 82. Bxe3 Kf5 83. Kc3 Ke4 84. Kd2 Kf3 85. Bc5 f5 86. Ke1 Kg2 87. Ke2 Kh2 88. Kf3 g2 89. Kf4 g1=Q 90. Bxg1+ Kxg1 91. Kxf5 Bc4 92. Ke5 Kf1 93. Kd4 Ke1 94. Kc3 Kd1 95. Kb2 Kd2 96. Ka3 Kd3 97. Kb2 Bd5 98. Ka3 Kc4 99. Kb2 Kxb4 100. Kb1 Ka3 101. Ka1 b4 102. Kb1 b3 103. Ka1 b2+ 104. Kb1 Be4# 0-1

[Event "December 19 Late 2023"]
[Site "https://www.chess.com"]
[Date "2023.12.19"]
[Round "2"]
[White "Shapiro, Viktor"]
[Black "Seemann, Jakub"]
[Result "0-1"]
[Board "55"]
[TimeControl "180+1"]
[WhiteFideId "4175700"]
[BlackFideId "21874697"]
[WhiteElo "2044"]
[BlackElo "2332"]
[WhiteTeam "RUS"]
[BlackTeam "POL"]
[WhiteClock "0:00:30"]
[BlackClock "0:00:46"]

1. c4 Nf6 2. Nc3 g6 3. d4 d6 4. Nf3 Bg7 5. Bg5 O-O 6. e3 c5 7. Be2 h6 8. Bh4 cxd4 9. exd4 Bg4 10. O-O Nc6 11. d5 Bxf3 12. Bxf3 Ne5 13. Be2 Rc8 14. b3 Nfd7 15. Rc1 g5 16. Bg3 Ng6 17. Bh5 Nde5 18. Ne2 b5 19. cxb5 Qb6 20. a4 f5 21. Bxe5 Nxe5 22. Rc6 Nxc6 23. dxc6 Qc5 24. Qd3 d5 25. Rc1 Qd6 26. Bf3 e6 27. g3 Rfd8 28. Rd1 a6 29. Nd4 axb5 30. axb5 Kh8 31. Qe3 g4 32. Be2 Bxd4 33. Qxh6+ Kg8 34. Rxd4 e5 35. Rxd5 Qxh6 36. Rxd8+ Rxd8 37. c7 Rc8 38. Bc4+ Kf8 0-1

[Event "December 19 Late 2023"]
[Site "https://www.chess.com"]
[Date "2023.12.19"]
[Round "2"]
[White "Adewumi, Tanitoluwa"]
[Black "Serban, Cristian-Stefan"]
[Result "1-0"]
[Board "56"]
[TimeControl "180+1"]
[WhiteFideId "30966396"]
[BlackFideId "1241443"]
[WhiteElo "2325"]
[BlackElo "2040"]
[WhiteTeam "USA"]
[BlackTeam "ROU"]
[WhiteClock "0:00:02"]
[BlackClock "0:00:04"]

1. Nf3 d5 2. b3 Nf6 3. Bb2 c5 4. d3 Nc6 5. g3 e6 6. Bg2 Be7 7. O-O O-O 8. Nbd2 a5 9. e4 a4 10. bxa4 Rxa4 11. c4 Ra8 12. e5 Ne8 13. d4 Nc7 14. cxd5 Nxd5 15. dxc5 Bxc5 16. Ne4 Be7 17. Nd4 Nxd4 18. Qxd4 Bd7 19. Nd6 Bc6 20. Rfd1 Ra4 21. Qc5 Qd7 22. a3 Rfa8 23. Rac1 R8a5 24. Qc2 Bxd6 25. exd6 Qxd6 26. Qc3 Qf8 27. Qb3 Ra8 28. h4 R4a5 29. h5 Ba4 30. Qc4 Bxd1 31. Rxd1 Ra4 32. Qe2 h6 33. Be4 Rc8 34. Bc2 Rac4 35. Bd3 R4c7 36. Qe4 f5 37. Qxe6+ Qf7 38. Bxf5 Rd8 39. Qe4 Re7 40. Qg4 Rde8 41. Bg6 Re1+ 42. Rxe1 Rxe1+ 43. Kg2 Qe6 44. Qf3 Re2 45. Bd4 Nf6 46. Bf5 Ne4 47. Bxe6+ Kh7 48. Qf5+ g6 49. Qf7# 1-0

[Event "December 19 Late 2023"]
[Site "https://www.chess.com"]
[Date "2023.12.19"]
[Round "2"]
[White "Makaraci, Tunahan"]
[Black "Pakleza, Zbigniew"]
[Result "0-1"]
[Board "57"]
[TimeControl "180+1"]
[WhiteFideId "6356559"]
[BlackFideId "1119290"]
[WhiteElo "2112"]
[BlackElo "2410"]
[WhiteTeam "TUR"]
[BlackTeam "POL"]
[WhiteClock "0:00:00"]
[BlackClock "0:00:18"]

1. e4 d6 2. d4 Nf6 3. Nc3 c6 4. f4 Qb6 5. Nf3 Bg4 6. Be2 Bxf3 7. Bxf3 e5 8. fxe5 dxe5 9. dxe5 Nfd7 10. e6 fxe6 11. Qe2 Ne5 12. Bd2 Qxb2 13. Rb1 Qxc2 14. Rxb7 Nd3+ 15. Kf1 Nd7 16. e5 Bc5 17. g3 O-O-O 18. Kg2 Kxb7 19. Bxc6+ Kc8 20. Rb1 Nb6 21. Ne4 Nxe5 22. Rc1 Rxd2 23. Nxd2 Qxc1 24. Qxe5 Qxd2+ 25. Kh3 Qd6 0-1

[Event "December 19 Late 2023"]
[Site "https://www.chess.com"]
[Date "2023.12.19"]
[Round "2"]
[White "Perea Fruet, Lorenzo"]
[Black "Postny, Evgeny"]
[Result "0-1"]
[Board "58"]
[TimeControl "180+1"]
[WhiteFideId "24595870"]
[BlackFideId "2804344"]
[WhiteElo "2268"]
[BlackElo "2505"]
[WhiteTeam "ESP"]
[BlackTeam "ISR"]
[WhiteClock "0:00:00"]
[BlackClock "0:00:10"]

1. f4 d5 2. Nf3 g6 3. g3 Bg7 4. Bg2 c5 5. d3 Nf6 6. O-O O-O 7. h3 Nc6 8. Nbd2 d4 9. e4 dxe3 10. Nc4 Qc7 11. Bxe3 b6 12. Nfe5 Bb7 13. Qf3 Na5 14. Qe2 Nxc4 15. dxc4 Rad8 16. Rad1 Nd7 17. Nxd7 Rxd7 18. Rxd7 Qxd7 19. Rd1 Qc7 20. c3 e6 21. Qd3 Bxg2 22. Kxg2 Qb7+ 23. Kf2 h5 24. g4 hxg4 25. hxg4 Bf6 26. g5 Rd8 27. Qe2 Rxd1 28. Qxd1 Be7 29. Qf3 Qa6 30. a3 Qxc4 31. Qa8+ Bf8 32. Qxa7 Qb3 33. Ke2 Qxb2+ 34. Bd2 Qb5+ 35. Ke3 c4 36. Qa8 Kg7 37. Ke2 Qf5 38. Be3 Qd3+ 39. Kf2 Qc2+ 40. Kf1 Qxc3 41. Bxb6 Bxa3 42. Kf2 Qd2+ 43. Kf3 Qd3+ 44. Kf2 Qd2+ 45. Kf1 Qxf4+ 46. Bf2 Bc5 47. Qa1+ e5 0-1

[Event "December 19 Late 2023"]
[Site "https://www.chess.com"]
[Date "2023.12.19"]
[Round "2"]
[White "Tatarinov, Dmitry"]
[Black "Rogov, Matfey"]
[Result "0-1"]
[Board "59"]
[TimeControl "180+1"]
[WhiteFideId "24160067"]
[BlackFideId "44191308"]
[WhiteElo "2344"]
[BlackElo "2057"]
[WhiteTeam "RUS"]
[BlackTeam "RUS"]
[WhiteClock "0:01:39"]
[BlackClock "0:02:07"]

1. d4 e6 2. c4 Nf6 3. Nc3 Bb4 4. e3 d5 5. cxd5 exd5 6. Bd3 O-O 7. Ne2 c5 8. O-O c4 9. Bc2 Nc6 10. f3 Re8 11. e4 dxe4 12. fxe4 Bg4 13. Be3 Bxc3 14. bxc3 Nxe4 15. Qb1 Nf6 16. Bd2 0-1

[Event "December 19 Late 2023"]
[Site "https://www.chess.com"]
[Date "2023.12.19"]
[Round "2"]
[White "Reprintsev, Alexander"]
[Black "Maurizzi, Marc`Andria"]
[Result "0-1"]
[Board "60"]
[TimeControl "180+1"]
[WhiteFideId "14100541"]
[BlackFideId "36083534"]
[WhiteElo "2229"]
[BlackElo "2417"]
[WhiteTeam "UKR"]
[BlackTeam "FRA"]
[WhiteClock "0:00:18"]
[BlackClock "0:01:14"]

1. e4 c5 2. b3 Nf6 3. e5 Nd5 4. Nc3 Nxc3 5. dxc3 Nc6 6. Nf3 g6 7. Bc4 Bg7 8. O-O O-O 9. Bf4 d6 10. exd6 Bxc3 11. dxe7 Nxe7 12. Qxd8 Rxd8 13. Rad1 Be6 14. Bxe6 fxe6 15. Be5 Bxe5 16. Nxe5 Nd5 17. a3 Nc3 18. Rd3 Rxd3 19. Nxd3 b6 20. Re1 Kf7 21. Re3 Nd5 22. Rf3+ Kg7 23. c4 Ne7 24. Nf4 e5 25. Ne6+ Kg8 26. g4 Nc6 27. Re3 Re8 28. Nc7 Rf8 29. Nd5 Kg7 30. h3 Kf7 31. Rf3+ Kg7 32. Re3 h5 33. gxh5 gxh5 34. Rg3+ Kh6 35. h4 Nd4 36. Kg2 Nf5 37. Rh3 Rg8+ 38. Kf1 Rg4 39. Ne3 Nxe3+ 40. fxe3 Kg6 41. Kf2 Kf5 42. Rf3+ Ke4 43. Rf7 Rxh4 44. Rxa7 Rh2+ 45. Kg3 Rb2 46. b4 cxb4 47. axb4 Rxb4 48. Rh7 Rxc4 49. Rxh5 Rc3 50. Kf2 Rc2+ 51. Ke1 b5 52. Kd1 Rg2 53. Kc1 Rg3 54. Kd2 Rg2+ 55. Kc3 Re2 56. Kb4 Rxe3 57. Kxb5 Rc3 58. Kb4 Rc8 59. Rh4+ Kd3 60. Rh3+ Kd4 61. Kb3 e4 62. Rh7 Kd3 63. Rd7+ Ke2 64. Re7 e3 65. Rd7 Kf2 66. Kb2 Rf8 67. Kc2 e2 0-1

[Event "December 19 Late 2023"]
[Site "https://www.chess.com"]
[Date "2023.12.19"]
[Round "2"]
[White "Apoorv Kamble"]
[Black "Ang, Ern Jie Anderson"]
[Result "0-1"]
[Board "61"]
[TimeControl "180+1"]
[WhiteFideId "25683012"]
[BlackFideId "5736200"]
[WhiteElo "1940"]
[BlackElo "1941"]
[WhiteTeam "IND"]
[BlackTeam "MAS"]
[WhiteClock "0:00:00"]
[BlackClock "0:00:14"]

1. e4 c5 2. Nc3 Nc6 3. Nf3 g6 4. Bc4 Bg7 5. O-O e6 6. a4 Nge7 7. Re1 O-O 8. e5 Qc7 9. Nb5 Qb8 10. d4 a6 11. Nd6 cxd4 12. Bf4 Nf5 13. Nxf5 gxf5 14. Ra3 Qa7 15. Ng5 h6 16. Qh5 hxg5 17. Qxg5 f6 18. exf6 Rxf6 19. Rg3 Rf7 20. Bd6 b5 21. Bd3 Bb7 22. Rh3 Qb6 23. Qh4 Bf6 24. Rg3+ Bg7 25. Rh3 Rf6 26. Qh7+ Kf7 27. Rg3 Rg8 28. Be2 e5 29. Bh5+ Ke6 30. Qxg8+ Kxd6 31. Qxg7 Re6 32. Rg6 Qa5 33. Rf1 Ne7 34. Rxe6+ dxe6 35. Qf8 Bc6 36. axb5 axb5 37. h4 Qd2 38. Qd8+ Bd7 39. Qb6+ Nc6 40. Qxb5 Qxc2 41. Bd1 Qd2 42. h5 Qg5 43. Qb7 e4 44. Qa6 e5 45. Qa3+ Kc7 46. Qc5 f4 47. b4 f3 48. g3 Qxh5 49. b5 Qh3 50. b6+ Kb7 51. Bxf3 exf3 0-1

[Event "December 19 Late 2023"]
[Site "https://www.chess.com"]
[Date "2023.12.19"]
[Round "2"]
[White "Sahakyan, Aleks"]
[Black "Devagharan, Devina"]
[Result "1-0"]
[Board "62"]
[TimeControl "180+1"]
[WhiteFideId "13316338"]
[BlackFideId "2061600"]
[WhiteElo "2292"]
[BlackElo "2440"]
[WhiteTeam "ARM"]
[BlackTeam "USA"]
[WhiteClock "0:00:08"]
[BlackClock "0:00:00"]

1. e4 c5 2. Nf3 d6 3. Nc3 Nf6 4. e5 dxe5 5. Nxe5 e6 6. d3 Be7 7. g3 O-O 8. Bg2 Nbd7 9. Nc4 Nb6 10. O-O Nbd5 11. a4 Bd7 12. Ne5 Qc7 13. Nxd7 Qxd7 14. Re1 Nxc3 15. bxc3 Rfd8 16. c4 Rac8 17. a5 b5 18. axb6 axb6 19. Rb1 Rb8 20. Bf4 Bd6 21. Qf3 Bxf4 22. Qxf4 b5 23. cxb5 Rxb5 24. Rxb5 Qxb5 25. h4 Nd5 26. Bxd5 exd5 27. Qc7 Rf8 28. Qd6 c4 29. d4 Qb2 30. Qxd5 Qxc2 31. Re7 c3 32. Rc7 Qd1+ 33. Kg2 c2 34. Qc5 c1=Q 35. Qxc1 Qxd4 36. Qc6 Qb2 37. h5 Qd2 38. Qc5 h6 39. Qf5 Qd6 40. Rc4 Rd8 41. Re4 Qd5 42. Qf3 Qd7 43. Kh2 Re8 44. Rf4 Rf8 45. Rg4 Kh8 46. Qf4 Qe6 47. Qf3 Rg8 48. Re4 Qd7 49. Rf4 Rf8 50. Kg2 Kg8 51. Rf5 Rb8 52. Rd5 Qe7 53. Qf5 Rf8 54. Rd7 Qb4 55. g4 Qb3 56. g5 hxg5 57. Qxg5 Qb6 58. Rd3 Qh6 59. Qf5 Kh8 60. Rg3 Qh7 61. Qf4 Qh6 62. Qg4 Kh7 63. Qf5+ Kh8 64. Qc5 Re8 65. Qb5 Rc8 66. Qf5 Qc6+ 67. Kh2 Rf8 68. h6 g6 69. Qe5+ f6 70. Qe7 1-0

[Event "December 19 Late 2023"]
[Site "https://www.chess.com"]
[Date "2023.12.19"]
[Round "2"]
[White "Novak, Ratko"]
[Black "Zeynalli, Rashad"]
[Result "1-0"]
[Board "63"]
[TimeControl "180+1"]
[WhiteFideId "14511827"]
[BlackFideId "13403320"]
[WhiteElo "2036"]
[BlackElo "2088"]
[WhiteTeam "CRO"]
[BlackTeam "AZE"]
[WhiteClock "0:00:39"]
[BlackClock "0:00:26"]

1. d4 Nf6 2. c4 c5 3. dxc5 e6 4. Be3 Na6 5. a3 Ng4 6. Bd4 e5 7. Bc3 Bxc5 8. e3 O-O 9. Qxg4 d5 10. Qd1 d4 11. Bd2 e4 12. b4 Be7 13. exd4 Re8 14. Be3 f5 15. g3 g5 16. Qd2 Bf6 17. Ne2 Be6 18. Bh3 g4 19. Bg2 Bxc4 20. O-O Nc7 21. Nbc3 b5 22. Rfd1 Nd5 23. Nxd5 Bxd5 24. Nf4 Bc4 25. Rac1 a5 26. d5 axb4 27. axb4 Qd7 28. Bd4 Be7 29. Bc5 Bf6 30. Bf1 Bb3 31. Re1 Ra2 32. Qe3 Bxd5 33. Red1 Bg5 34. Rxd5 Qf7 35. Rcd1 h5 36. Bxb5 Rb8 37. Bc4 Rc2 38. Rd8+ Rxd8 39. Bxf7+ Kxf7 40. Rxd8 Bxd8 41. Qb3+ 1-0

[Event "December 19 Late 2023"]
[Site "https://www.chess.com"]
[Date "2023.12.19"]
[Round "2"]
[White "Poormosavi, Seyed Kian"]
[Black "Figorito, Nick"]
[Result "1-0"]
[Board "64"]
[TimeControl "180+1"]
[WhiteFideId "12585807"]
[BlackFideId "30923689"]
[WhiteElo "2296"]
[BlackElo "2429"]
[WhiteTeam "IRI"]
[BlackTeam "USA"]
[WhiteClock "0:00:34"]
[BlackClock "0:00:00"]

1. Nf3 Nf6 2. g3 g6 3. Bg2 Bg7 4. O-O O-O 5. d4 c6 6. c3 d5 7. a4 a5 8. Bf4 Bf5 9. Nbd2 Ne4 10. Re1 Nxd2 11. Nxd2 Qb6 12. Ra3 Nd7 13. e4 dxe4 14. Nxe4 Bxe4 15. Rb3 Qa7 16. Bxe4 e6 17. Bd6 Rfd8 18. Qf3 Qa6 19. Bd3 Qa7 20. h4 h5 21. Qe2 Bf8 22. Bc7 Re8 23. Qc2 b5 24. Bf4 bxa4 25. Ra3 Bxa3 26. bxa3 Nf6 27. Qxa4 Nd5 28. Bd2 c5 29. c4 Nb6 30. Qc2 cxd4 31. Bg5 Rac8 32. Bf6 Nd5 33. Be5 Ne7 34. Rb1 Nf5 35. Rb5 Rc5 36. a4 Rxb5 37. cxb5 Qb7 38. Qd2 Qf3 39. b6 Rc8 40. Bf1 Qe4 41. Bc7 Qc6 42. Bg2 Qd7 43. Qxa5 d3 44. b7 d2 45. bxc8=Q+ Qxc8 46. Qxd2 Qxc7 47. a5 Qa7 48. Qd8+ Kg7 49. Qb6 Qd7 50. a6 Qd1+ 51. Kh2 Qa4 52. a7 1-0

[Event "December 19 Late 2023"]
[Site "https://www.chess.com"]
[Date "2023.12.19"]
[Round "2"]
[White "Weetik, Vjacheslav"]
[Black "Delorme, Axel"]
[Result "0-1"]
[Board "65"]
[TimeControl "180+1"]
[WhiteFideId "4153472"]
[BlackFideId "632023"]
[WhiteElo "2469"]
[BlackElo "2478"]
[WhiteTeam "RUS"]
[BlackTeam "FRA"]
[WhiteClock "0:00:01"]
[BlackClock "0:00:06"]

1. e4 c5 2. Nf3 d6 3. Bb5+ Bd7 4. Bxd7+ Nxd7 5. O-O Ngf6 6. Re1 e6 7. c4 Be7 8. Nc3 O-O 9. d4 cxd4 10. Qxd4 Qa5 11. h3 Rfd8 12. Bd2 Qh5 13. b3 b6 14. Rad1 Ne5 15. Nh2 Nc6 16. Qe3 d5 17. exd5 exd5 18. Qg5 dxc4 19. Qxh5 Nxh5 20. bxc4 Bb4 21. Nd5 Bxd2 22. Rxd2 Nf4 23. Nf3 Nxd5 24. cxd5 Na5 25. Re7 Nc4 26. Rde2 h6 27. Rb7 Rxd5 28. Ree7 Nd6 29. Rbd7 a5 30. Ne5 Rf8 31. Nxf7 Nf5 32. Nxh6+ gxh6 33. Rxd5 Nxe7 34. Rd6 Rb8 35. a4 Kg7 36. g4 b5 37. Ra6 b4 38. Re6 Kf7 39. Re2 b3 40. Rb2 Nc6 41. Kg2 Ne5 42. Kg3 Nc4 43. Rb1 b2 44. Rd1 b1=Q 45. Rxb1 Rxb1 0-1

[Event "December 19 Late 2023"]
[Site "https://www.chess.com"]
[Date "2023.12.19"]
[Round "2"]
[White "Nunez V, Gustavo Eduardo"]
[Black "Leiva, Gianmarco"]
[Result "1-0"]
[Board "66"]
[TimeControl "180+1"]
[WhiteFideId "4403690"]
[BlackFideId "3804399"]
[WhiteElo "2167"]
[BlackElo "2338"]
[WhiteTeam "COL"]
[BlackTeam "PER"]
[WhiteClock "0:00:18"]
[BlackClock "0:00:04"]

1. e4 c5 2. Nf3 d6 3. d4 cxd4 4. Qxd4 Nf6 5. Nc3 e5 6. Bb5+ Nbd7 7. Qa4 Be7 8. Bg5 O-O 9. O-O-O a6 10. Bxd7 Bxd7 11. Qb3 Be6 12. Qxb7 Rb8 13. Qxa6 Qc7 14. Bxf6 Bxf6 15. Qd3 Qa5 16. a3 Rfc8 17. Nd5 Bd8 18. c3 Rc5 19. Nb4 Be7 20. Qa6 Qc7 21. Qd3 Qc8 22. Nd2 f5 23. g3 Rb6 24. f4 fxe4 25. Nxe4 Bf5 26. Qe3 d5 27. Nxc5 Bxc5 28. Qxe5 d4 29. Rxd4 Bxd4 30. Qxd4 Re6 31. Qd5 Kh8 32. Rd1 Re8 33. b3 h6 34. Kb2 Re2+ 35. Rd2 Re7 36. Qd8+ Qxd8 37. Rxd8+ Kh7 38. Rd2 Re1 39. Nd5 Rb1+ 40. Ka2 Rc1 41. c4 Be6 42. Kb2 Re1 43. Kc3 g5 44. fxg5 hxg5 45. a4 Ra1 46. Kb4 Kg6 47. Rf2 Kh5 48. Nf6+ Kg6 49. Ne4 Bf5 50. Nc5 Bc8 51. a5 Kh5 52. Rf8 Bg4 53. Rh8+ Kg6 54. h4 Kg7 55. Rd8 gxh4 56. gxh4 Kf6 57. Rd4 Bh3 58. Rf4+ Ke5 59. Nd3+ Ke6 60. Rd4 Bf5 61. Nc5+ Ke5 62. Rd8 Kf6 63. h5 Ke7 64. Rd4 Rh1 65. Rd5 Be6 66. Re5 Kd8 67. Rxe6 Rxh5 68. Rc6 Rh7 69. a6 Ra7 70. Kb5 Ke7 71. Kb6 Ra8 72. Kb7 Rf8 73. a7 Rf1 74. a8=Q Rf7 75. Rc7+ Kd6 76. Qa6+ Ke5 77. Qe6+ Kd4 78. Qd5+ Kc3 79. Ne4+ Kb4 80. Qc5+ Kxb3 81. Qb5+ Kc2 82. Rxf7 1-0

[Event "December 19 Late 2023"]
[Site "https://www.chess.com"]
[Date "2023.12.19"]
[Round "2"]
[White "Storn, Justin"]
[Black "Bardyk, Artem"]
[Result "0-1"]
[Board "67"]
[TimeControl "180+1"]
[WhiteFideId "30922720"]
[BlackFideId "34349979"]
[WhiteElo "2406"]
[BlackElo "2300"]
[WhiteTeam "USA"]
[BlackTeam "RUS"]
[WhiteClock "0:01:03"]
[BlackClock "0:02:09"]

1. d4 d5 2. c4 e6 3. Nc3 c5 4. cxd5 cxd4 5. Qa4+ Bd7 6. Qxd4 exd5 7. Qxd5 Nf6 8. Qb3 Nc6 9. Bf4 Bb4 10. Nf3 O-O 11. e3 Be6 12. Qc2 Rc8 13. Be2 Nd5 14. Bg5 Qa5 15. O-O Bxc3 16. bxc3 Nxc3 17. Bd3 Nb4 18. Qd2 Nxd3 19. Qxd3 Bc4 20. Qd4 Ne2+ 0-1

[Event "December 19 Late 2023"]
[Site "https://www.chess.com"]
[Date "2023.12.19"]
[Round "2"]
[White "Dobrikov, Marco"]
[Black "Carrasco Miranda, Andres"]
[Result "1-0"]
[Board "68"]
[TimeControl "180+1"]
[WhiteFideId "12950378"]
[BlackFideId "3405990"]
[WhiteElo "2394"]
[BlackElo "2183"]
[WhiteTeam "GER"]
[BlackTeam "CHI"]
[WhiteClock "0:01:27"]
[BlackClock "0:00:47"]

1. c4 Nf6 2. Nf3 g6 3. e3 Bg7 4. d4 O-O 5. Nbd2 d5 6. b3 c5 7. Bb2 cxd4 8. exd4 Nc6 9. Be2 Bf5 10. O-O Ne4 11. Rc1 Rc8 12. c5 Nxd2 13. Qxd2 Be4 14. b4 a6 15. a4 Bxf3 16. Bxf3 e5 17. dxe5 Nxe5 18. Bxe5 Bxe5 19. Bxd5 a5 20. b5 Qc7 21. g3 Rfd8 22. Rfd1 h5 23. c6 b6 24. Qe3 h4 25. Bf3 hxg3 26. hxg3 Bxg3 27. fxg3 Qxg3+ 28. Kf1 Re8 29. Qf2 Qf4 30. Bd5 Qc7 31. Bc4 Re7 32. Rd7 Rxd7 33. cxd7 Qxd7 34. Qxf7+ 1-0